 Dungeon Crawl Stone Soup version 0.20.1-1-g8b1a95d (webtiles) character file.

250228 Nattfarinn the Warrior (level 19, -2/128 HPs)
             Began as a Gargoyle Berserker on Aug 5, 2017.
             Was the Champion of Trog.
             Killed from afar by Margery (28 damage)
             ... with a bolt of fire
             ... on level 2 of the Vaults on Aug 8, 2017.
             The game lasted 01:36:25 (36385 turns).

Nattfarinn the Warrior (Gargoyle Berserker)        Turns: 36385, Time: 01:36:26

Health: -2/128     AC: 49    Str: 23    XL:     19   Next: 62%
Magic:  6/6        EV: 12    Int: 10    God:    Trog [******]
Gold:   2954       SH: 23    Dex: 13    Spells: 18/18 levels left

rFire    . . .     SeeInvis +   U - +9 eveningstar (antimagic)
rCold    . . .     Gourm    +   L - +2 large shield
rNeg     + + .     Faith    .   z - +7 plate armour of Trog's Whim {rN+}
rPois    ∞         Spirit   .   R - +0 helmet
rElec    +         Reflect  .   E - scarf {repulsion}
rCorr    +         Harm     .   W - +2 pair of gloves
MR       +++..                  J - +4 pair of boots "Hesovuxt" {Regen+}
Stlth    ..........             j - amulet of the gourmand
Regen    1.8/turn               I - ring of see invisible
MPRegen  0.1/turn               l - ring of resist corrosion

@: flying, regenerating, repel missiles
A: big wings, claws 1, clever 1, clumsy 1, negative energy resistance 1,
electricity resistance, unbreathing, petrification resistance, no potion heal 1,
rot immunity, AC +13
}: 2/15 runes: barnacled, gossamer
a: Stop Flying, Berserk, Trog's Hand, Brothers in Arms, Burn Spellbooks,
Renounce Religion


You were on level 2 of the Vaults.
You worshipped Trog.
Trog was exalted by your worship.
You were not hungry.

You visited 6 branches of the dungeon, and saw 33 of its levels.
You also visited: Bailey and Volcano.

You collected 3223 gold pieces.
You spent 269 gold pieces at shops.

Inventory:

Hand Weapons
 b - the +4 mace of Grandeur {flame, Dex+7 Stlth+}
   (Trog gifted it to you on level 4 of the Spider Nest)

   It has been specially enchanted to burn those struck by it, causing extra
   injury to most foes and up to half again as much damage against particularly
   susceptible opponents.
   It affects your dexterity (+7).
   It makes you more stealthy.
 y - a +2 flail of holy wrath
 U - a +9 antimagic eveningstar (weapon)
Armour
 z - the +7 plate armour of Trog's Whim (worn) {rN+}
   (You took it off an orc warrior on level 11 of the Dungeon)

   It protects you from negative energy.
 E - a scarf of repulsion (worn)
 J - the +4 pair of boots "Hesovuxt" (worn) {Regen+}
   (You found it in a volcano)

   It increases your rate of regeneration.
 L - a +2 large shield (worn)
 R - a +0 helmet (worn)
 W - a +2 pair of gloves (worn)
Jewellery
 g - an uncursed ring of protection from fire
 j - an amulet of the gourmand (around neck)
 k - an uncursed ring of stealth {unknown}
 l - a ring of resist corrosion (right hand)
 o - an uncursed ring of positive energy
 H - an uncursed ring of magical power {unknown}
 I - a ring of see invisible (left hand)
 O - a cursed -3 ring of protection {unknown}
 Z - a cursed ring of loudness {unknown}
Scrolls
 e - 15 scrolls of remove curse
 i - 8 scrolls of recharging
 n - 2 scrolls of immolation
 q - a scroll of holy word {unknown}
 s - a scroll of vulnerability {unknown}
 t - a scroll of torment {unknown}
 w - 4 scrolls of blinking
 x - 7 scrolls of magic mapping
 C - 9 scrolls of fog
 F - a scroll of summoning {unknown}
 G - 5 scrolls of enchant armour
 N - 3 scrolls of fear
 S - 4 scrolls of enchant weapon
 T - a scroll of brand weapon {unknown}
 V - a scroll of identify
 Y - 7 scrolls of teleportation
Potions
 a - 6 potions of brilliance {unknown}
 f - 2 potions of ambrosia
 m - 2 potions of invisibility {unknown}
 p - 15 potions of curing
 r - 6 potions of agility
 v - 5 potions of heal wounds
 A - 2 potions of cancellation {unknown}
 B - 3 potions of magic {unknown}
 D - a potion of experience {unknown}
 K - 4 potions of berserk rage
 M - 4 potions of might
 P - 6 potions of lignification
 Q - 5 potions of haste
 X - 6 potions of flight {unknown}
Comestibles
 c - 14 bread rations
 d - 13 royal jellies
 h - 23 fruits
 u - 14 meat rations


   Skills:
 * Level 17.4 Fighting
 - Level 16.6 Maces & Flails
 - Level 16.4 Armour
 - Level 11.9 Dodging
 - Level 16.7 Shields


You had 18 spell levels left.
You didn't know any spells.

Dungeon Overview and Level Annotations

Branches:
Dungeon (15/15)            Temple (0/1) D:5            Lair (6/6) D:9
 Shoals (4/4) Lair:4       Spider (4/4) Lair:3        Slime (0/5) Lair:6
    Orc (2/2) D:10            Elf (0/3) Orc:2        Vaults (2/5) D:13
 Depths (0/5) D:15
  Crypt: Vaults:2-3

Altars:
Cheibriados
Dithmenos
Fedhas
Hepliaklqana
Makhleb
Okawaru
Ru
Trog
Yredelemnul
Zin
The Shining One
Beogh
Jiyva

Shops:
D:7 }   D:9 !   D:11 *   Orc:2 [*(}   Vaults:1 }%*[}

Annotations:
Lair:2 exclusion: oklob plant
Lair:6 1 runed door
Vaults:2 Margery


Innate Abilities, Weirdness & Mutations

You are resistant to torment.
Your stone body is resilient. (AC +13)
You are immune to poison.
Your large and strong wings let you fly indefinitely.
You resist negative energy. (rN+)
You are resistant to electric shocks. (rElec)
You can survive without breathing.
You are immune to petrification.
You are immune to rotting.
You have sharp fingernails.
Your mind is acute. (Int +2)
You are clumsy. (Dex -2)
Potions are less effective at restoring your health.


Message History

Margery resists.
The fireball engulfs your cyclops.
Your cyclops dies!
Your cyclops's corpse disappears in a puff of smoke!
You hear a shout!
You hear two shouts!
You hear a shout!
You hear two shouts!
You are too injured to fight recklessly!
You are too injured to fight recklessly!
You are too injured to fight recklessly!
Your iron troll goes berserk!
You feel somewhat more hungry.
Margery gestures at your iron troll while chanting.
The fireball explodes!
The fireball engulfs you!
* * * LOW HITPOINT WARNING * * *
The fireball engulfs Margery.
Margery resists.
Your skin crawls.
You feel resistant to hostile enchantments.
You feel somewhat more hungry.
The deep troll's soul is no longer bound.
Margery gestures at your iron troll while chanting.
The bolt of fire hits you!
You die...

#.# .## #.
#...# ## #.
#...# ####
#.. #...#
...# #.u
#...# ...#
..#.pp#...#
##.#
..'upT#...#
...#
#.Tp@...#
...+ #@..#
..## #..T#
..##
#...######
...#
#.........
...#
#.........
##.#
#..#########
...#
#..######..#
..(#
#..##...#..#
##(######
#..##...#..#


You could see Margery, an ironheart preserver, 2 ugly things, a hell knight, a
deep troll, a deep troll shaman, 2 necromancers and a friendly iron troll
(berserk).

Vanquished Creatures
  Bai Suzhen (Shoals:4)
  Rupert (D:13)
  Polyphemus (Shoals:4)
  2 krakens
  Agnes (D:15)
  The ghost of n0isemaker the Fencer, an adept BaFi of Uskayaw (Lair:4)
  Ilsuiw (Shoals:4)
  3 vault wardens (Vaults:1)
  7 ghost moths
  5 emperor scorpions
  4 ironheart preservers
  A war gargoyle (Vaults:1)
  5 entropy weavers
  A dire elephant (Lair:6)
  Azrael (D:15)
  3 spark wasps
  2 fire dragons (Vaults:1)
  4 merfolk javelineers (Shoals:4)
  3 deep elf death magi
  8 merfolk impalers
  A great orb of eyes (Vaults:1)
  A yaktaur captain (Vaults:1)
  A rakshasa (Vaults:1)
  4 vault guards
  9 hydras
  2 catoblepae
  A death knight (D:14)
  An alligator snapping turtle (Shoals:4)
  5 centaur warriors
  A merfolk avatar (Shoals:4)
  5 merfolk aquamancers
  A deep troll shaman (Lair:6)
  2 tengu warriors (D:15)
  An orc high priest (Orc:2)
  5 satyrs
  7 death yaks
  7 two-headed ogres
  A hell hog (Volcano)
  A deep troll earth mage (D:12)
  2 ogre magi (Vaults:1)
  Urug (D:13)
  3 deep elf knights
  The ghost of smzp the Thaumaturge, a novice DEEE of Vehumet (D:10)
  3 wizards
  9 sea snakes
  4 unseen horrors
  13 harpies
  3 deep elf archers
  7 orc knights
  4 ironbrand convokers
  26 wolf spiders
  4 oklob plants (Lair:3)
  11 orb spiders
  3 deep elf magi
  2 necromancers
  A wolf spider zombie (D:15)
  8 orc sorcerers
  11 fauns
  9 manticores
  9 cyclopes
  5 ugly things
  2 moths of wrath
  5 vault sentinels (Vaults:1)
  2 black mambas
  2 salamanders (Volcano)
  19 elephants
  Maurice (D:13)
  4 merfolk sirens
  4 water nymphs
  3 gargoyles
  9 spiny frogs
  2 torpor snails
  3 kobold demonologists (D:14)
  6 komodo dragons
  An efreet (D:12)
  14 demonic crawlers
  A freezing wraith (D:12)
  11 trolls
  3 polar bears
  2 meliai (D:13)
  32 merfolk
  30 jumping spiders
  5 blink frogs
  Prince Ribbit (D:7)
  12 hornets
  2 wind drakes (Shoals:4)
  14 hippogriffs
  13 slime creatures
  6 snapping turtles
  2 meliai zombies
  5 dream sheep
  70 redbacks
  A spriggan (shapeshifter) (Vaults:1)
  A hog (D:8)
  37 tarantellas
  28 yaks
  A shadow (D:14)
  7 water elementals
  2 wyverns
  A fire bat (Volcano)
  A wraith (Vaults:1)
  20 humans
  4 basilisks
  A human simulacrum (Vaults:1)
  3 hungry ghosts
  3 wargs
  A soldier ant (D:15)
  4 hell hounds
  8 water moccasins
  6 porcupines
  A swamp drake (D:10)
  An ice beast (D:12)
  42 orc warriors
  A sky beast (D:11)
  2 black bears (Lair:6)
  10 ogres
  An eye of draining (D:13)
  4 phantoms
  10 wolves
  20 centaurs
  8 crocodiles
  14 bullfrogs
  3 big kobolds
  A water moccasin zombie (D:7)
  2 wyvern skeletons
  4 scorpions
  An elf simulacrum (Vaults:1)
  9 killer bees
  8 wights
  3 electric eels
  A bullfrog zombie (D:5)
  4 centaur zombies
  8 crimson imps
  A quasit (D:9)
  2 jellies
  5 hounds
  Crazy Yiuf (D:3)
  6 centaur skeletons
  38 orc priests
  39 orc wizards
  2 bullfrog skeletons
  6 iguanas
  Jessica (D:2)
  Natasha (twice) (D:3)
  8 worker ants
  A killer bee zombie (D:7)
  A hound skeleton (D:7)
  2 worker ant zombies
  9 adders
  2 shadow imps (D:6)
  An adder zombie (D:5)
  8 worms
  4 dart slugs
  7 leopard geckos
  127 orcs
  9 giant cockroaches
  13 goblins
  6 hobgoblins
  24 kobolds
  5 quokkas
  2 ball pythons
  3 bats
  A frilled lizard (D:1)
  A jackal zombie (D:7)
  A leopard gecko skeleton (D:6)
  13 rats
  A spectral orc (D:8)
  3 plants
  3 tentacles (Shoals:1)
1181 creatures vanquished.

Vanquished Creatures (collateral kills)
  The ghost of MajkelK the Brawler, a journeyman TrBe of Trog (Lair:4)
  A merfolk impaler (Shoals:4)
  A merfolk javelineer (Shoals:4)
  A merfolk avatar (Shoals:3)
  Sonja (Lair:1)
  4 fauns (Shoals:3)
  5 ugly things (D:14)
  A merfolk siren (Shoals:4)
  A spiny frog (Lair:1)
  A gargoyle (D:13)
  2 water nymphs (Shoals:4)
  A centaur skeleton (D:13)
  A kobold demonologist (D:13)
  A demonic crawler (Spider:2)
  A meliai (D:12)
  A merfolk (Shoals:4)
  A wind drake (Shoals:4)
  A redback (Spider:2)
  2 tarantellas (Spider:2)
  2 water elementals (Shoals:4)
  6 yaks
  A wraith (D:13)
  3 fire elementals (D:15)
  A human (D:13)
  A hungry ghost (D:14)
  2 hell hounds (D:15)
  An orc warrior (Orc:2)
  A big kobold (D:10)
  A crocodile (Lair:1)
  A wyvern zombie (D:14)
  A bullfrog (Lair:4)
  A howler monkey (D:14)
  4 orc priests
  4 orc wizards
  2 orcs
  2 kobolds (D:10)
62 creatures vanquished.

Vanquished Creatures (others)
  A two-headed ogre (Volcano)
  A redback (Spider:4)
  A centaur (Volcano)
  2 orc wizards
  A quokka (D:6)
  7 fungi (Lair:2)
  15 plants
  21 tentacles
  16 toadstools (Lair:2)
65 creatures vanquished.

Grand Total: 1308 creatures vanquished

Notes
Turn   | Place    | Note
-------+----------+-------------------------------------------
     0 | D:1      | Nattfarinn the Gargoyle Berserker began the quest for the Orb.
     0 | D:1      | Reached XP level 1. HP: 14/14 MP: 1/1
   328 | D:1      | Reached XP level 2. HP: 17/20 MP: 2/2
   382 | D:1      | Found a glowing golden altar of the Shining One.
   565 | D:1      | Reached skill level 4 in Fighting
   905 | D:2      | Noticed Jessica
   914 | D:2      | Killed Jessica
   914 | D:2      | Reached skill level 5 in Fighting
   914 | D:2      | Reached XP level 3. HP: 15/26 MP: 3/3
  1315 | D:2      | Reached XP level 4. HP: 31/31 MP: 4/4
  1411 | D:2      | Reached ** piety under Trog
  1638 | D:2      | Noticed a moth of wrath
  1641 | D:2      | Found a bloodstained altar of Trog.
  1963 | D:3      | Found a snail-covered altar of Cheibriados.
  2179 | D:3      | Reached skill level 6 in Fighting
  2284 | D:3      | Reached XP level 5. HP: 36/36 MP: 5/5
  2291 | D:3      | Found a faded altar of an unknown god.
  2293 | D:3      | Noticed an orc warrior
  2311 | D:3      | Killed an orc warrior
  2311 | D:3      | Reached skill level 7 in Fighting
  2316 | D:3      | Reached XP level 6. HP: 34/44 MP: 6/6
  2570 | D:3      | Noticed Natasha
  2577 | D:3      | Killed Natasha
  2854 | D:3      | Found a runed door.
  2915 | D:3      | Noticed Natasha
  2930 | D:3      | Killed Natasha
  3145 | D:3      | Noticed Crazy Yiuf
  3153 | D:3      | Paralysed by Crazy Yiuf for 2 turns
  3158 | D:3      | Killed Crazy Yiuf
  3158 | D:3      | Reached skill level 8 in Fighting
  3295 | D:4      | Reached XP level 7. HP: 48/50 MP: 7/7
  3765 | D:4      | Reached skill level 9 in Fighting
  3976 | D:4      | Reached *** piety under Trog
  4058 | D:5      | Entered Level 5 of the Dungeon
  4407 | D:5      | Found a staircase to the Ecumenical Temple.
  4429 | D:5      | Reached skill level 10 in Fighting
  4435 | D:5      | Found a sacrificial altar of Ru.
  4443 | D:5      | Reached XP level 8. HP: 41/57 MP: 8/8
  4560 | D:5      | Reached skill level 5 in Maces & Flails
  4860 | D:5      | Found a burning altar of Makhleb.
  4861 | D:5      | Noticed a blizzard demon
  4863 | D:5      | Found a glowing silver altar of Zin.
  4863 | D:5      | Noticed an angel
  5121 | D:6      | Found a shadowy altar of Dithmenos.
  5121 | D:6      | Found a glowing golden altar of the Shining One.
  5169 | D:6      | Found a hazy altar of Hepliaklqana.
  5343 | D:6      | Found an iron altar of Okawaru.
  5510 | D:6      | Reached XP level 9. HP: 62/62 MP: 9/9
  5511 | D:6      | Reached **** piety under Trog
  6035 | D:6      | Received a gift from Trog
  6384 | D:7      | Noticed Prince Ribbit
  6393 | D:7      | Killed Prince Ribbit
  6393 | D:7      | Reached skill level 1 in Shields
  6411 | D:7      | Found Oteugh's Gadget Shop.
  6461 | D:7      | Reached skill level 10 in Maces & Flails
  6838 | D:8      | Reached XP level 10. HP: 68/68 MP: 10/10
  7279 | D:8      | Reached ***** piety under Trog
  7459 | D:8      | Found a basalt altar of Yredelemnul.
  7515 | D:8      | Noticed a two-headed ogre
  7520 | D:8      | Killed a two-headed ogre
  8216 | D:9      | Found Yhanutio's Distillery.
  8272 | D:9      | Found a blossoming altar of Fedhas.
  8419 | D:9      | Found a staircase to the Lair.
  8705 | D:9      | Received a gift from Trog
  8890 | D:9      | Reached skill level 5 in Shields
  9135 | D:10     | Entered Level 10 of the Dungeon
  9153 | D:10     | Reached XP level 11. HP: 66/72 MP: 11/11
  9452 | D:10     | Noticed smzp's ghost (novice DEEE)
  9468 | D:10     | Killed smzp's ghost
  9567 | D:10     | Found a staircase to the Orcish Mines.
  9957 | D:11     | Found Badiar's Assorted Antiques.
 10100 | D:11     | Noticed a two-headed ogre
 10115 | D:11     | Killed a two-headed ogre
 10296 | D:11     | Found a flagged portal.
 10306 | D:11     | Received a gift from Trog
 10315 | Bailey   | Entered a bailey
 10639 | Bailey   | Gained mutation: Your spells are a little harder to cast, but a little more powerful. [potion of mutation]
 10639 | Bailey   | Gained mutation: You expend magic power (3 MP) to strengthen your wands. [potion of mutation]
 10639 | Bailey   | Gained mutation: You have sharp toenails. [potion of mutation]
 10640 | Bailey   | Lost mutation: You have sharp toenails. [potion of mutation]
 10640 | Bailey   | Lost mutation: You expend magic power (3 MP) to strengthen your wands. [potion of mutation]
 10640 | Bailey   | Lost mutation: Your spells are a little harder to cast, but a little more powerful. [potion of mutation]
 10640 | Bailey   | Gained mutation: You occasionally shout uncontrollably at your foes. [potion of mutation]
 10640 | Bailey   | Gained mutation: Your movements are slightly less encumbered by armour. (ER -2) [potion of mutation]
 10641 | Bailey   | Lost mutation: You occasionally shout uncontrollably at your foes. [potion of mutation]
 10641 | Bailey   | Lost mutation: Your movements are slightly less encumbered by armour. (ER -2) [potion of mutation]
 10641 | Bailey   | Gained mutation: Your mind is acute. (Int +2) [potion of mutation]
 10641 | Bailey   | Gained mutation: You have a pair of small antennae on your head. [potion of mutation]
 10642 | Bailey   | Lost mutation: You have a pair of small antennae on your head. [potion of mutation]
 10642 | Bailey   | Lost mutation: Your mind is acute. (Int +2) [potion of mutation]
 10642 | Bailey   | Gained mutation: You have sharp fingernails. [potion of mutation]
 10642 | Bailey   | Gained mutation: Potions are less effective at restoring your health. [potion of mutation]
 10642 | Bailey   | Gained mutation: You evolve. [potion of mutation]
 10642 | Bailey   | Gained mutation: Your large and strong wings let you fly indefinitely. [potion of mutation]
 10699 | Bailey   | Reached skill level 10 in Shields
 11326 | D:11     | Got a scorched plate armour
 11337 | D:11     | Identified the +7 plate armour of Trog's Whim {rN+} (You took it off an orc warrior on level 11 of the Dungeon)
 11586 | D:11     | Noticed a brown ugly thing
 11597 | D:11     | Killed a brown ugly thing
 11843 | D:12     | Noticed a white ugly thing
 11846 | D:12     | Noticed a green ugly thing
 11857 | D:12     | Killed a white ugly thing
 11866 | D:12     | Killed a white ugly thing
 11885 | D:12     | Reached XP level 12. HP: 50/77 MP: 12/12
 12069 | D:12     | Found a basalt altar of Yredelemnul.
 12232 | D:12     | Noticed a deep troll earth mage
 12243 | D:12     | Killed a deep troll earth mage
 12393 | D:12     | Noticed an eight-headed hydra
 12401 | D:12     | Gained mutation: Your mind is acute. (Int +2) [evolution]
 12405 | D:12     | Killed an eight-headed hydra
 12413 | D:12     | Received a gift from Trog
 12729 | D:13     | Noticed Maurice
 13004 | D:13     | Killed Maurice
 13229 | D:13     | Reached skill level 15 in Shields
 13561 | D:13     | Reached XP level 13. HP: 81/82 MP: 13/13
 13760 | D:13     | Noticed Urug
 13763 | D:13     | Noticed Rupert
 13776 | D:13     | Killed Rupert
 13800 | D:13     | Killed Urug
 14119 | D:13     | Received a gift from Trog
 14155 | D:13     | Paralysed by a wizard for 3 turns
 14233 | D:13     | Found a gate to the Vaults.
 14233 | D:13     | Noticed a vault guard
 14246 | D:13     | Killed a vault guard
 14658 | D:14     | Gained mutation: You are clumsy. (Dex -2) [evolution]
 15278 | D:14     | Mutation became permanent: Your large and strong wings let you fly indefinitely. [Gargoyle growth]
 15278 | D:14     | Gained mutation: Your large and strong wings let you fly indefinitely. [Gargoyle growth]
 15278 | D:14     | Reached XP level 14. HP: 88/88 MP: 4/14
 15688 | D:14     | Reached skill level 15 in Maces & Flails
 15846 | D:15     | Entered Level 15 of the Dungeon
 16130 | D:15     | Noticed Azrael
 16544 | D:15     | Killed Azrael
 16712 | D:15     | Noticed Agnes
 16727 | D:15     | Killed Agnes
 16823 | D:15     | Found a staircase to the Depths.
 17320 | Lair:1   | Entered Level 1 of the Lair of Beasts
 17394 | Lair:1   | Noticed Sonja
 17422 | Lair:1   | Killed Sonja
 18117 | Lair:2   | Got an ichor-stained mace
 18118 | Lair:2   | Identified the +4 mace of Sequestration {speed, rC+ Str+4} (You found it on level 2 of the Lair of Beasts)
 18348 | Lair:2   | Found a blossoming altar of Fedhas.
 19260 | Lair:3   | Reached skill level 5 in Dodging
 19295 | Lair:3   | Found a hole to the Spider Nest.
 19837 | Lair:3   | Reached XP level 15. HP: 81/92 MP: 5/15
 20554 | Lair:4   | Noticed MajkelK's ghost (journeyman TrBe)
 20567 | Lair:4   | Killed MajkelK's ghost
 20569 | Lair:4   | Received a gift from Trog
 20590 | Lair:4   | Noticed n0isemaker's ghost (adept BaFi)
 20915 | Lair:4   | Killed n0isemaker's ghost
 21344 | Lair:4   | Found a staircase to the Shoals.
 21708 | Lair:5   | Got an opalescent robe
 21709 | Lair:5   | Identified the +1 robe "Peer" {rPois rN+ Dex+3 SInv} (You found it on level 5 of the Lair of Beasts)
 22342 | Lair:5   | Lost mutation: You evolve. [end of evolution]
 22539 | Lair:6   | Entered Level 6 of the Lair of Beasts
 22800 | Lair:6   | Found a runed door.
 22804 | Lair:6   | Found a viscous altar of Jiyva.
 22804 | Lair:6   | Found a staircase to the Slime Pits.
 22804 | Lair:6   | Noticed an acid blob
 22915 | Lair:6   | Found a dark tunnel.
 22924 | Volcano  | Entered a volcano
 23025 | Volcano  | Got a pair of shimmering boots
 23180 | Lair:6   | Identified the +4 pair of boots "Hesovuxt" {Regen+} (You found it in a volcano)
 23380 | Lair:6   | Reached skill level 10 in Dodging
 23911 | Orc:1    | Entered Level 1 of the Orcish Mines
 24296 | Orc:2    | Entered Level 2 of the Orcish Mines
 24309 | Orc:2    | Found a staircase to the Elven Halls.
 24411 | Orc:2    | Received a gift from Trog
 24586 | Orc:2    | Reached XP level 16. HP: 93/97 MP: 5/16
 24696 | Orc:2    | Found Giseilyxi's Antique Armour Boutique.
 24696 | Orc:2    | Found Ugufapti's Gadget Shop.
 24696 | Orc:2    | Found Nampym Tuasch's Antique Weapon Shop.
 24722 | Orc:2    | Found Faisuuc's General Store.
 24732 | Orc:2    | Bought a scroll of enchant armour for 97 gold pieces
 24732 | Orc:2    | Bought a scroll of enchant armour for 97 gold pieces
 24845 | Orc:2    | Received a gift from Trog
 25087 | Orc:2    | Found a bloodstained altar of Trog.
 25396 | Orc:2    | Found a roughly hewn altar of Beogh.
 25641 | Spider:1 | Entered Level 1 of the Spider Nest
 26881 | Spider:1 | Reached skill level 5 in Armour
 27262 | Spider:2 | Reached ****** piety under Trog
 27917 | Spider:3 | Reached skill level 10 in Armour
 28155 | Spider:3 | Got a distressingly furry ring mail
 28156 | Spider:3 | Identified the +2 ring mail of Dyspraxia {rC+ MR+ Str+3 Dex+3} (You found it on level 3 of the Spider Nest)
 28514 | Spider:3 | Reached XP level 17. HP: 102/102 MP: 5/17
 28575 | Spider:4 | Entered Level 4 of the Spider Nest
 28802 | Spider:4 | Received a gift from Trog
 28805 | Spider:4 | Got a dazzling mace {god gift}
 29378 | Spider:4 | Received a gift from Trog
 29417 | Spider:4 | Got a gossamer rune of Zot
 29955 | Shoals:1 | Entered Level 1 of the Shoals
 29979 | Shoals:1 | Reached skill level 15 in Armour
 30078 | Shoals:1 | Identified the +4 mace of Grandeur {flame, Dex+7 Stlth+} (Trog gifted it to you on level 4 of the Spider Nest)
 30246 | Shoals:1 | Noticed a kraken
 30306 | Shoals:1 | Killed a kraken
 31173 | Shoals:2 | Identified a scroll of acquirement
 31288 | Shoals:2 | Reached XP level 18. HP: 107/107 MP: 6/18
 32485 | Shoals:3 | Reached skill level 11 in Fighting
 32502 | Shoals:3 | Received a gift from Trog
 32674 | Shoals:3 | Received a gift from Trog
 32861 | Shoals:4 | Entered Level 4 of the Shoals
 32863 | Shoals:4 | Noticed Ilsuiw
 32894 | Shoals:4 | Reached skill level 12 in Fighting
 32920 | Shoals:4 | Received a gift from Trog
 32927 | Shoals:4 | Killed Ilsuiw
 33187 | Shoals:4 | Identified the Guide on the Oath
 33417 | Shoals:4 | Noticed Polyphemus
 33445 | Shoals:4 | Killed Polyphemus
 33445 | Shoals:4 | Reached skill level 13 in Fighting
 33579 | Shoals:4 | Noticed Bai Suzhen
 33594 | Shoals:4 | Killed Bai Suzhen
 33727 | Shoals:4 | Reached skill level 14 in Fighting
 34080 | Shoals:4 | Received a gift from Trog
 34269 | Shoals:4 | Reached XP level 19. HP: 123/123 MP: 6/19
 34289 | Shoals:4 | Got a barnacled rune of Zot
 34598 | Vaults:1 | Entered Level 1 of the Vaults
 34610 | Vaults:1 | Reached skill level 15 in Fighting
 35028 | Vaults:1 | Found Noptoabb's Gadget Shop.
 35059 | Vaults:1 | Reached skill level 16 in Fighting
 35077 | Vaults:1 | Found Maneun's Antique Armour Shop.
 35130 | Vaults:1 | Received a gift from Trog
 35261 | Vaults:1 | Found Kuchex's General Store.
 35268 | Vaults:1 | Found Naog's Gadget Shop.
 35278 | Vaults:1 | Bought a potion of heal wounds for 75 gold pieces
 35671 | Vaults:1 | Found Ifotrug's Food Emporium.
 35981 | Vaults:1 | Reached skill level 17 in Fighting
 36371 | Vaults:2 | Noticed Margery
 36385 | Vaults:2 | Killed from afar by Margery

Skill      XL: |  1  2  3  4  5  6  7  8  9 10 11 12 13 14 15 16 17 18 19 |
---------------+----------------------------------------------------------+-----
Fighting       | 5 6 7 8 10 14 17 | 17.4
Maces & Flails | 7 10 12 14 16 | 16.6
Shields        | 2 5 11 15 16 | 16.7
Dodging        | 5 11 | 11.9
Armour         | 11 16 | 16.4

Action                   |  1- 3 |  4- 6 |  7- 9 | 10-12 | 13-15 | 16-18 | 19-21 || total
-------------------------+-------+-------+-------+-------+-------+-------+-------++-------
Melee: Mace              |    47 |       |       |       |       |       |       ||    47
       Club              |    24 |   163 |   298 |       |       |       |       ||   485
       Morningstar       |       |       |   181 |   184 |       |       |       ||   365
       Demon whip        |       |       |       |   693 |   144 |       |       ||   837
       Eveningstar       |       |       |       |       |  1201 |  1978 |   473 ||  3652
 Fire: Blowgun           |       |       |       |       |    10 |       |       ||    10
Throw: Javelin           |       |       |       |     9 |       |       |       ||     9
Invok: Berserk           |     1 |     4 |     3 |     1 |     4 |     3 |       ||    16
       Trog's Hand       |       |     2 |       |       |     5 |     1 |     1 ||     9
       Brothers in Arms  |       |       |       |     5 |    13 |     6 |     2 ||    26
       Burn Spellbooks   |       |       |       |       |     2 |     2 |       ||     4
 Abil: Fly               |       |       |       |     1 |       |       |       ||     1
  Use: Potion            |       |     1 |       |     4 |     1 |       |       ||     6
       Scroll            |       |       |       |    14 |    14 |     7 |       ||    35
 Stab: Sleeping          |     1 |       |     1 |       |       |       |       ||     2
       Distracted        |       |       |       |       |       |     1 |       ||     1
  Eat: Chunk             |     9 |    10 |    17 |    33 |    49 |    38 |     6 ||   162
       Fruit             |       |       |       |       |       |     4 |       ||     4
Armor: Animal skin       |    13 |     7 |       |       |       |       |       ||    20
       Leather armour    |       |   113 |   259 |   158 |       |       |       ||   530
       Plate armour      |       |       |       |   123 |   518 |  1192 |   134 ||  1967
Dodge: Dodged            |    48 |   125 |   248 |   132 |   171 |   650 |    97 ||  1471
       Deflected         |       |       |       |       |       |    43 |    12 ||    55
Block: Large shield      |       |       |   109 |   799 |  1298 |  2514 |   442 ||  5162
